 Dungeon Crawl Stone Soup version 0.22-a0-515-g75794bf (webtiles) character file.

45 inc the Changer (level 3, -2/26 HPs)
             Began as a Merfolk Transmuter on June 19, 2018.
             Slain by a leopard gecko (5 damage)
             ... on level 2 of the Dungeon.
             The game lasted 00:03:54 (1283 turns).

inc the Changer (Merfolk Transmuter)                Turns: 1283, Time: 00:03:54

Health: -2/26      AC:  2    Str: 10    XL:     3   Next: 64%
Magic:  5/6        EV: 13    Int: 13    God:
Gold:   44         SH:  0    Dex: 14    Spells: 5/6 levels left

rFire    . . .     SeeInvis .     - Unarmed
rCold    . . .     Gourm    .   (no shield)
rNeg     . . .     Faith    .   b - +0 robe
rPois    .         Spirit   .   (no helmet)
rElec    .         Reflect  .   (no cloak)
rCorr    .         Harm     .   (no gloves)
MR       .....                  (no boots)
Stlth    +.........             (no amulet)
HPRegen  0.08/turn              (no ring)
MPRegen  0.10/turn              (no ring)

@: appendage
A: change form in water, swift swim, stealthy swim, horns 2
a: End Transformation


You were on level 2 of the Dungeon.
You were not hungry.
You had grown temporary horns.
You visited 1 branch of the dungeon, and saw 2 of its levels.

You collected 44 gold pieces.

Inventory:

Missiles
 a - 38 arrows
Armour
 b - a +0 robe (worn)
Scrolls
 e - a scroll of random uselessness {unknown}
 g - a scroll of enchant armour {unknown}
Potions
 c - a potion of lignification {unknown}
 f - a potion of flight {unknown}
Comestibles
 d - a ration


   Skills:
 - Level 1.1 Fighting
 - Level 2.6 Dodging
 - Level 3.2 Unarmed Combat
 - Level 2.0 Spellcasting
 + Level 5.2 Transmutations


You had 5 spell levels left.
You knew the following spells:

 Your Spells              Type           Power        Failure   Level  Hunger
a - Beastly Appendage     Tmut           ##....       3%          1    ##.....

Your spell library contained the following spells:

 Spells                   Type           Power        Failure   Level  Hunger
 Spider Form              Tmut/Pois      #.........   26%         3    ####...
 Blade Hands              Tmut           ##........   63%         5    ######.
 Ice Form                 Ice/Tmut       #.......     65%         4    #####..
 Sticks to Snakes         Tmut           ##......     4%          2    ###....


Dungeon Overview and Level Annotations

Branches:
Dungeon (2/15)

Altars:


Innate Abilities, Weirdness & Mutations

You revert to your normal form in water.
You are very nimble and swift while swimming.
You are very stealthy in the water. (Stealth+)
You have a pair of horns on your head.


Message History

Eat a chunk of flesh? (ye/n/q)
You eat the chunk of flesh.
This raw flesh tastes terrible.
A leopard gecko comes into view.
A worm comes into view.
Found 5 gold pieces.
Casting: Beastly Appendage (safe; 3% risk of failure)
Confirm with . or Enter, or press ? or * to list all spells.
You grow a pair of large bovine horns.
The leopard gecko bites you.
* * * LOW HITPOINT WARNING * * *
The leopard gecko bites you.
* * * LOW HITPOINT WARNING * * *
You miss the leopard gecko. Your headbutt misses the leopard gecko.
The leopard gecko closely misses you.
You hit the leopard gecko.
The leopard gecko is lightly wounded.
The leopard gecko misses you.
You miss the leopard gecko.
The leopard gecko is lightly wounded.
The leopard gecko bites you.
You die...

.$.. ... #.. #.. #.#
...? #w# .#. #.# .. #@#
#. #l# # #. #.#####
#.##. #####.....# #....
...........# #.
#.#######..############
#........[..<†.
#.############# #.# #


You could see a worm and a leopard gecko.

Vanquished Creatures
  An adder (D:2)
  A dart slug (D:1)
  A leopard gecko (D:1)
  3 bats
  2 giant cockroaches (D:1)
  5 goblins (D:1)
  6 hobgoblins
  4 kobolds (D:1)
  A ball python (D:1)
  A frilled lizard (D:1)
  3 rats
28 creatures vanquished.

Notes
Turn   | Place    | Note
-------+----------+-------------------------------------------
     0 | D:1      | inc the Merfolk Transmuter began the quest for the Orb.
     0 | D:1      | Reached XP level 1. HP: 15/15 MP: 3/3
    11 | D:1      | Reached skill level 3 in Transmutations
   343 | D:1      | Reached XP level 2. HP: 21/21 MP: 3/5
   418 | D:1      | Reached skill level 4 in Transmutations
   886 | D:1      | Reached XP level 3. HP: 26/26 MP: 6/6
  1203 | D:2      | Reached skill level 5 in Transmutations
  1283 | D:2      | Slain by a leopard gecko

Vault maps used:
D:1:      scummos_arrival_star, minivault_4
D:2:      minmay_door_path, first_ration

Skill      XL: |  1  2  3 |
---------------+----------+-----
Transmutations | 3 4 5 |  5.2
Fighting       | |  1.1
Dodging        | |  2.6
Unarmed Combat | |  3.2
Spellcasting   | |  2.0

Action                   || total
-------------------------++-------
Melee: Unarmed           ||    83
       Headbutt          ||    11
       Punch             ||     2
 Cast: Beastly Appendage ||    16
 Stab: Sleeping          ||     1
  Eat: Chunk             ||     2
Armor: Robe              ||    10
Dodge: Dodged            ||    69

Table legend:
 A = Spawn XP
 B = Non-spawn XP
 C = Spawn XP percentage of total XP
 D = Spawn monster count
 E = Non-spawn monster count
 F = Spawn count percentage of total count
 G = Total turns spent on level
                    A         B        C        D         E        F      G
               +---------+---------+-------+---------+---------+-------+---------
         Total |       0 |      65 |   0.0 |       0 |      28 |   0.0 |  1283
               +---------+---------+-------+---------+---------+-------+---------
           D:1 |       0 |      47 |   0.0 |       0 |      24 |   0.0 |  1189
           D:2 |       0 |      18 |   0.0 |       0 |       4 |   0.0 |    94
               +---------+---------+-------+---------+---------+-------+---------
